Map: Coda LE (Void)

Players

FisterRoboto - Winner!

  • Race: Zerg Zerg
  • League: Grandmaster

CaptRaynor

  • Race: Zerg Zerg
  • League: Grandmaster

VOD

Have the link to the VOD?

Description

Time

  • Played on: June 1, 2015, 10:28 p.m.
  • Length: 10:02
Show
View Real Time Build Order
Export as new Build Order

FisterRoboto Zerg - Winner!

Build Orders: Hatch First, Lurkers 

Get SALT Encoding   

  12  0:01  Drone  
  13  0:19  Overlord  
  13  0:22  Drone  
  14  0:42  Drone x3  
  17  0:56  Hatchery  
  16  1:01  Drone  
  17  1:05  Drone  
  18  1:17  Extractor  
  17  1:19  Spawning Pool  
  17  1:22  Drone  
  17  1:26  Drone  
  18  1:36  Drone  
  19  1:51  Overlord  
  19  2:08  Zergling x4  
  19  2:09  Queen x2  
  19  2:11  Drone  
  26  2:19  Drone  
  26  2:20  Metabolic Boost, Drone  
  29  2:30  Drone x2  
  30  2:40  Baneling Nest  
  30  2:41  Drone x2  
  31  2:52  Overlord  
  31  2:56  Drone  
  32  3:09  Overlord  
  32  3:12  Drone x2  
  34  3:19  Drone x2  
  36  3:29  Drone x4  
  36  3:30  Drone x3, Extractor  
  42  3:34  Extractor  
  42  3:36  Baneling x4  
  42  3:40  Zergling x4  
  43  3:45  Overlord  
  43  3:49  Overlord  
  43  3:58  Drone  
  44  4:05  Drone x7  
  51  4:10  Roach Warren  
  50  4:17  Evolution Chamber  
  50  4:18  Evolution Chamber  
  50  4:19  Drone  
  50  4:23  Lair  
  49  4:25  Queen  
  51  4:32  Extractor  
  51  4:33  Drone  
  51  4:39  Drone x2  
  51  4:40  Drone, Overlord  
  51  4:42  Overlord  
  51  4:44  Zerg Missile Weapons Level 1  
  54  4:46  Zerg Ground Armor Level 1  
  54  4:53  Drone  
  55  5:04  Hatchery  
  54  5:10  Drone x7  
  63  5:21  Roach x4  
  63  5:22  Roach  
  63  5:24  Glial Reconstitution  
  63  5:28  Roach  
  73  5:37  Roach  
  73  5:38  Overlord  
  73  5:39  Overlord  
  75  5:45  Drone, Hydralisk Den  
  75  5:47  Overseer  
  75  6:05  Roach x2  
  75  6:06  Roach x6  
  91  6:16  Drone x2  
  93  6:19  Lurker Den  
  93  6:26  Drone x5  
  93  6:27  Overlord x2  
  93  6:28  Overlord x3  
  98  6:35  Overlord  
  98  6:46  Zerg Ground Armor Level 2, Zerg Missile Weapons Level 2  
  98  6:52  Drone, Infestation Pit  
  98  6:56  Drone x6  
  98  6:59  Extractor x2  
  102  7:05  Drone x3  
  102  7:06  Drone x3  
  102  7:08  Roach  
  110  7:11  Roach x2  
  114  7:29  Hive  
  114  7:34  Queen  
  116  7:38  Hydralisk x4  
  116  7:39  Hydralisk x4  
  132  7:51  Overlord  
  132  7:52  Overlord x3  
  132  7:54  Hydralisk x3, Muscular Augments  
  138  8:07  Lurker x3  
  141  8:21  Lurker x2  
  141  8:23  Lurker  
  144  8:36  Lurker  
  144  8:37  Lurker  
  146  8:46  Hatchery  
  145  8:55  Hydralisk x6  
  145  9:02  Roach x5  
  167  9:40  Roach x4  
  167  9:41  Roach x4  
  174  9:51  Extractor  
  174  9:52  Extractor  
Show
View Real Time Build Order
Export as new Build Order

CaptRaynor Zerg 

Build Orders: Hatch First 

Get SALT Encoding   

  12  0:01  Drone  
  13  0:17  Drone  
  13  0:20  Overlord  
  14  0:29  Overlord  
  14  0:39  Drone  
  15  0:46  Drone  
  16  0:59  Drone  
  17  1:05  Drone  
  18  1:16  Hatchery  
  17  1:19  Spawning Pool  
  16  1:26  Drone x2  
  18  1:38  Drone  
  19  1:44  Drone  
  20  1:55  Overlord  
  20  2:06  Queen  
  20  2:07  Extractor  
  21  2:09  Drone  
  22  2:21  Drone  
  23  2:28  Queen  
  25  2:45  Drone  
  25  2:46  Drone x3  
  29  3:22  Queen  
  29  3:26  Drone x6  
  29  3:27  Drone  
  38  3:29  Overlord x3  
  38  3:35  Extractor  
  37  3:47  Overlord x2  
  37  4:05  Roach Warren  
  36  4:13  Queen  
  38  4:33  Evolution Chamber  
  38  4:34  Evolution Chamber  
  36  4:41  Zergling x2  
  36  4:42  Zergling x20  
  47  4:51  Roach x4  
  55  5:07  Zerg Ground Armor Level 1  
  55  5:08  Zerg Melee Weapons Level 1  
  55  5:10  Drone x2  
  55  5:11  Drone x3  
  60  5:31  Roach  
  60  5:32  Roach x7  
  76  5:46  Drone x3  
  79  6:01  Drone  
  79  6:02  Drone  
  81  6:07  Lair  
  81  6:08  Queen  
  83  6:30  Hatchery  
  82  6:43  Overlord x5  
  82  6:44  Overlord  
  82  6:46  Drone  
  84  6:47  Drone  
  84  6:55  Extractor  
  84  6:57  Extractor  
  82  7:08  Zerg Missile Weapons Level 1  
  82  7:09  Zerg Ground Armor Level 2  
  82  7:12  Overseer  
  82  7:14  Overseer  
  82  7:17  Overseer  
  82  7:51  Queen  
  82  7:53  Drone x5  
  82  7:54  Drone x7  
  82  7:55  Drone x2  
  98  8:27  Spire  
  97  8:32  Drone x3  
  97  8:34  Drone x6  
  102  8:35  Drone x2  
  108  9:01  Roach x2  
  108  9:02  Roach x8  
  128  9:03  Roach x5  
  128  9:08  Overlord x2  
  134  9:30  Zergling x8  
  134  9:31  Zergling x4  
Tags
 
Add a new tag
Caveats
  • Supply blocks, unpowered buildings, or Contaminate may cause inaccurate times.
  • Supply counts are checked every 10 seconds.